Map: [ESL] Alcyone

Players

ArT - Winner!

  • Race: Protoss Protoss
  • Spawn Location: 1:00

NightPhoenix

  • Race: Protoss Protoss
  • Spawn Location: 7:00

Event: ESL SC2 Masters 2023 Winter (Regional)

VOD

Have the link to the VOD?

Description

Time

  • Played on: Oct. 29, 2023, 9:35 a.m.
  • Length: 16:22

All games in this series

Show
View Real Time Build Order
Export as new Build Order

ArT Protoss - Winner!

Build Orders:  

Get SALT Encoding   

  12  0:00  Probe  
  13  0:12  Probe  
  14  0:17  Pylon  
  14  0:24  Probe (Chrono Boost)  
  15  0:36  Probe (Chrono Boost)  
  15  0:37  Gateway  
  15  0:42  Assimilator  
  16  0:45  Probe (Chrono Boost)  
  17  0:52  Probe  
  17  0:55  Assimilator  
  18  1:04  Probe  
  18  1:07  Gateway  
  19  1:17  Probe  
  20  1:24  Cybernetics Core  
  20  1:29  Probe  
  21  1:34  Pylon  
  21  1:41  Probe  
  22  1:53  Probe  
  23  2:00  Stalker (Chrono Boost)  
  27  2:02  Warp Gate  
  27  2:04  Stalker (Chrono Boost)  
  27  2:09  Pylon  
  27  2:10  Probe  
  28  2:22  Stalker (Chrono Boost)  
  30  2:26  Stalker  
  30  2:27  Probe  
  33  2:52  Sentry  
  33  2:55  Shield Battery  
  35  2:59  Shield Battery  
  35  3:03  Probe  
  35  3:14  Nexus  
  35  3:16  Probe  
  34  3:21  Pylon  
  34  3:30  Robotics Facility  
  34  3:31  Probe  
  35  3:42  Shield Battery  
  35  3:43  Probe  
  36  3:54  Stalker x2  
  40  4:00  Probe  
  41  4:12  Probe  
  42  4:21  Twilight Council  
  42  4:22  Stalker x2  
  46  4:24  Probe (Chrono Boost)  
  46  4:27  Probe (Chrono Boost)  
  46  4:29  Observer  
  49  4:35  Probe (Chrono Boost)  
  49  4:37  Probe (Chrono Boost)  
  51  4:41  Probe (Chrono Boost)  
  52  4:46  Probe  
  52  4:49  Stalker  
  52  4:50  Blink (Chrono Boost)  
  52  4:51  Stalker  
  52  4:52  Probe  
  58  4:58  Probe  
  57  5:04  Probe  
  58  5:09  Pylon  
  58  5:10  Probe  
  59  5:17  Probe  
  60  5:22  Probe  
  60  5:25  Nexus  
  61  5:29  Probe  
  61  5:30  Pylon  
  61  5:33  Sentry, Assimilator  
  64  5:37  Probe  
  65  5:43  Probe  
  65  5:46  Immortal (Chrono Boost)  
  65  5:49  Probe  
  71  5:53  Pylon  
  71  5:55  Shield Battery, Probe  
  72  6:01  Probe  
  73  6:04  Gateway  
  73  6:09  Stalker  
  73  6:10  Stalker  
  77  6:14  Probe x2  
  79  6:31  Immortal (Chrono Boost)  
  81  6:35  Stalker x2  
  81  6:38  Probe  
  80  6:47  Probe, Pylon  
  80  6:53  Probe x2  
  83  6:58  Stalker x2  
  83  6:59  Stalker  
  89  7:02  Probe  
  89  7:06  Gateway  
  90  7:12  Pylon  
  90  7:17  Shield Battery  
  90  7:18  Immortal (Chrono Boost)  
  90  7:22  Sentry  
  96  7:27  Stalker x2  
  96  7:28  Probe  
  96  7:29  Probe  
  102  7:33  Pylon  
  100  7:39  Probe  
  100  7:40  Probe  
  100  7:43  Gateway  
  102  7:50  Probe  
  103  7:53  Assimilator, Immortal (Chrono Boost)  
  103  7:54  Adept x2  
  111  8:01  Forge  
  111  8:03  Probe  
  112  8:11  Stalker x2, Pylon  
  110  8:20  Probe x2  
  110  8:23  Pylon  
  110  8:26  Stalker x2  
  114  8:30  Protoss Ground Weapons Level 1 (Chrono Boost), Charge (Chrono Boost)  
  114  8:32  Probe  
  115  8:36  Gateway  
  115  8:38  Gateway  
  113  8:42  Stalker x2  
  111  8:50  Observer  
  111  8:54  Adept x2  
  109  8:56  Stalker  
  109  8:58  Assimilator  
  109  8:59  Nexus  
  109  9:01  Pylon  
  111  9:06  Zealot  
  113  9:12  Stalker  
  113  9:15  Gateway  
  113  9:16  Gateway  
  115  9:27  Shield Battery  
  115  9:29  Stalker x3  
  121  9:37  Stalker x4  
  125  9:47  Observer  
  125  9:48  Photon Cannon  
  125  9:49  Templar Archives  
  123  9:53  Zealot  
  123  9:57  Pylon  
  123  9:58  Zealot x2  
  129  10:00  Pylon  
  127  10:14  Zealot x6  
  139  10:22  Zealot x2  
  139  10:23  Zealot  
  142  10:30  Probe  
  134  10:35  Zealot x3  
  134  10:41  Observer  
  136  10:44  Protoss Ground Weapons Level 2 (Chrono Boost)  
  136  10:47  Nexus  
  124  10:55  Pylon  
  124  10:56  Observer  
  124  10:58  High Templar x4  
  124  11:03  Archon  
  124  11:04  Archon  
  132  11:06  High Templar x2  
  132  11:07  Zealot x2  
  132  11:10  Pylon  
  140  11:13  Assimilator  
  140  11:15  Archon  
  140  11:17  Assimilator  
  140  11:25  Warp Prism (Chrono Boost)  
  140  11:28  Pylon  
  140  11:29  Observer  
  140  11:31  Probe  
  140  11:32  Probe x2  
  145  11:41  High Templar x2  
  145  11:45  Archon  
  149  11:47  Photon Cannon  
  149  11:54  Adept x2  
  153  11:56  Zealot x2  
  153  11:58  Pylon  
  153  12:01  Pylon  
  157  12:09  Probe x3  
  160  12:21  High Templar x3  
  160  12:22  High Templar  
  167  12:23  Zealot x5  
  167  12:25  Probe  
  167  12:26  Immortal (Chrono Boost), Pylon  
  167  12:27  Archon x2, Shield Battery  
  182  12:38  Probe x2  
  182  12:39  Observer  
  182  12:40  Probe  
  181  12:45  Gateway, High Templar x2  
  181  12:46  Zealot x3  
  181  12:50  Archon  
  177  13:00  Observer  
  178  13:06  Observer  
  178  13:10  Nexus  
  172  13:17  Robotics Bay  
  172  13:18  Robotics Facility, Protoss Ground Weapons Level 3 (Chrono Boost)  
  172  13:19  Probe x2  
  172  13:22  Pylon  
  172  13:25  Dark Shrine, Observer  
  172  13:30  Stalker x3  
  172  13:31  Stalker  
  172  13:32  Zealot x2  
  184  13:37  Assimilator  
  184  13:53  Stalker x4  
  178  14:08  Disruptor (Chrono Boost)  
  170  14:12  Probe  
  170  14:13  Zealot x3  
  170  14:14  Zealot x3  
  170  14:15  Disruptor (Chrono Boost)  
  183  14:17  Photon Cannon  
  183  14:19  Shield Battery  
  169  14:30  Probe  
  170  14:33  Photon Cannon  
  170  14:37  Zealot, Stalker x5  
  178  14:48  Disruptor (Chrono Boost)  
  178  14:51  Disruptor (Chrono Boost)  
  178  14:52  Dark Templar  
  170  15:01  Stalker x4  
  172  15:16  Probe x3  
  172  15:17  Probe  
  172  15:19  Disruptor  
  172  15:20  Disruptor  
  176  15:29  Stalker x5  
  156  15:46  Zealot x3  
  137  15:55  Zealot x3  
  137  15:56  Zealot x4  
  124  16:08  Zealot x3  
  124  16:09  Probe x2  
Show
View Real Time Build Order
Export as new Build Order

NightPhoenix Protoss 

Build Orders: Oracle Opening 

Get SALT Encoding   

  12  0:00  Probe  
  13  0:12  Probe  
  14  0:17  Pylon  
  14  0:24  Probe  
  15  0:36  Gateway, Probe (Chrono Boost)  
  16  0:46  Assimilator  
  16  0:47  Probe (Chrono Boost)  
  17  0:51  Probe (Chrono Boost)  
  17  0:55  Assimilator  
  18  1:03  Probe (Chrono Boost)  
  19  1:07  Gateway  
  19  1:13  Probe (Chrono Boost)  
  19  1:18  Probe (Chrono Boost)  
  20  1:23  Cybernetics Core  
  21  1:29  Probe  
  22  1:39  Pylon  
  22  1:41  Probe  
  23  1:59  Adept x2  
  27  2:02  Stargate  
  27  2:12  Warp Gate, Pylon  
  28  2:15  Probe  
  28  2:31  Stalker x2  
  34  3:01  Pylon  
  34  3:07  Pylon  
  32  3:19  Nexus  
  32  3:28  Oracle  
  32  3:31  Probe  
  33  3:44  Probe  
  33  3:46  Pylon  
  34  3:58  Twilight Council  
  34  4:01  Stalker  
  34  4:02  Stalker  
  36  4:03  Oracle (Chrono Boost)  
  36  4:09  Probe  
  40  4:21  Probe  
  41  4:27  Stalker  
  41  4:28  Stalker  
  45  4:32  Probe  
  45  4:36  Probe  
  47  4:41  Shield Battery  
  47  4:42  Blink (Chrono Boost)  
  47  4:51  Probe (Chrono Boost)  
  49  4:53  Probe (Chrono Boost)  
  46  5:02  Probe (Chrono Boost)  
  46  5:03  Probe (Chrono Boost)  
  48  5:08  Stalker x2  
  48  5:10  Probe  
  48  5:13  Probe  
  54  5:22  Probe  
  54  5:25  Probe  
  56  5:31  Pylon  
  56  5:32  Gateway  
  56  5:35  Probe  
  57  5:37  Gateway, Probe  
  58  5:46  Assimilator  
  58  5:47  Probe  
  58  5:49  Probe  
  60  5:50  Gateway  
  60  5:58  Assimilator  
  60  5:59  Probe  
  60  6:01  Gateway, Probe  
  62  6:06  Stalker  
  62  6:10  Stalker  
  66  6:14  Pylon  
  66  6:18  Pylon  
  66  6:27  Pylon  
  62  6:39  Stalker x4  
  70  6:44  Stalker  
  69  6:59  Stalker  
  71  7:03  Stalker x4  
  79  7:10  Stalker  
  81  7:27  Stalker x3  
  85  7:32  Nexus  
  85  7:33  Charge  
  85  7:34  Pylon  
  85  7:51  Probe  
  85  7:52  Probe, Forge  
  85  7:54  Stalker x2  
  91  7:59  Stalker  
  93  8:07  Pylon x2  
  93  8:19  Stalker x2  
  93  8:20  Protoss Ground Weapons Level 1 (Chrono Boost)  
  91  8:32  Stalker x4  
  91  8:45  Stalker x2  
  91  8:46  Probe  
  91  8:47  Probe  
  91  8:56  Stalker  
  91  8:57  Stalker  
  95  9:05  Zealot x2  
  99  9:11  Zealot  
  99  9:13  Zealot  
  103  9:20  Zealot x2  
  107  9:30  Zealot x2  
  111  9:33  Zealot  
  111  9:34  Stalker  
  112  9:41  Stalker x2  
  113  9:46  Probe  
  113  9:47  Probe x2  
  116  9:56  Zealot x3  
  116  9:58  Probe  
  123  10:02  Pylon x2  
  123  10:03  Protoss Ground Weapons Level 2 (Chrono Boost)  
  123  10:11  Robotics Facility  
  123  10:15  Robotics Facility  
  109  10:35  Zealot x5  
  87  10:46  Stalker  
  71  10:50  Probe x3  
  71  10:55  Stalker x2  
  71  10:56  Stalker x3  
  84  11:01  Immortal (Chrono Boost)  
  84  11:02  Probe x2  
  90  11:08  Immortal (Chrono Boost)  
  94  11:11  Stalker  
  94  11:16  Shield Battery  
  96  11:20  Robotics Bay  
  94  11:29  Stalker x3  
  100  11:37  Zealot  
  100  11:38  Zealot x2  
  104  11:40  Observer  
  104  11:43  Immortal (Chrono Boost)  
  109  11:54  Gateway  
  109  11:55  Gateway  
  109  11:58  Zealot x3  
  115  12:12  Sentry, Pylon  
  115  12:14  Sentry  
  121  12:15  Pylon  
  121  12:19  Disruptor (Chrono Boost)  
  121  12:20  Sentry  
  121  12:21  Disruptor (Chrono Boost)  
  124  12:32  Sentry x2, Pylon  
  124  12:33  Pylon  
  124  12:36  Probe x2  
  130  12:41  Probe  
  130  12:47  Disruptor (Chrono Boost)  
  130  12:48  Disruptor (Chrono Boost), Probe  
  130  12:49  Assimilator  
  137  12:58  Zealot x6  
  141  13:00  Zealot  
  131  13:21  Stalker x3  
  131  13:26  Nexus, Disruptor (Chrono Boost)  
  141  13:27  Disruptor (Chrono Boost)  
  141  13:29  Pylon  
  141  13:32  Zealot  
  141  13:33  Zealot  
  149  13:39  Zealot x2  
  153  13:52  Zealot x4  
  151  13:58  Zealot  
  151  13:59  Disruptor  
  148  14:06  Zealot x2  
  148  14:09  Disruptor  
  149  14:20  Zealot x4  
  141  14:28  Zealot x3  
  147  14:35  Disruptor  
  151  14:40  Stalker  
  151  14:41  Stalker  
  155  14:52  Stalker x2  
  141  15:02  Stalker x2  
  141  15:05  Stalker  
  141  15:22  Stalker x3  
  141  15:25  Observer (Chrono Boost)  
  146  15:32  Observer (Chrono Boost)  
  101  15:53  Stalker x3  
  101  15:54  Stalker x2  
Tags
 
Add a new tag
Caveats
  • Supply blocks, unpowered buildings, or Contaminate may cause inaccurate times.
  • Supply counts are checked every 10 seconds.